 Dungeon Crawl Stone Soup version 0.23.2-40-g277498a001 (webtiles) character file.

Game seed: 15916108754010425166

611162 KamiKatze the Merfolkian Porcupine (level 27, -4/238 HPs)
             Began as a Merfolk Gladiator on Sept 9, 2019.
             Was an Elder of Trog.
             Slain by Onulih the pandemonium lord (5 damage)
             ... on level 1 of the Depths on Sept 14, 2019.
             The game lasted 05:58:43 (67885 turns).

KamiKatze the Merfolkian Porcupine (MfGl)          Turns: 67885, Time: 05:58:44

Health: -4/238     AC: 48    Str: 24    XL:     27
Magic:  0/24       EV: 27    Int:  9    God:    Trog [****..]
Gold:   5367       SH: 19    Dex: 20    Spells: 26/26 levels left

rFire    + + +     SeeInvis +   V - +4 demon trident (vamp)
rCold    + + .     Gourm    .   w - +2 shield of Resistance {rF+ rC+ MR+}
rNeg     . . .     Faith    .   W - +12 gold dragon scales
rPois    +         Spirit   +   Z - +0 helmet "Moydd" {rF+ Dex+5}
rElec    +         Reflect  .   j - +2 cloak {+Inv}
rCorr    .         Harm     .   M - +1 pair of gloves of the Ant {rElec}
MR       +++++                  L - +0 pair of boots {Stlth+}
Stlth    ..........             t - amulet of guardian spirit
HPRegen  1.89/turn              H - ring of see invisible
MPRegen  0.19/turn              G - ring of Phasing {EV+8}

@: about to teleport, regenerating
A: change form in water, swift swim, stealthy swim, slimy green scales 1, thin
metallic scales 1, dopey 1, low mp 1, magic resistance 1, regeneration 1,
electricity resistance, subdued magic 1
0: Orb of Zot
}: 3/15 runes: decaying, serpentine, silver
a: Berserk, Trog's Hand, Brothers in Arms, Renounce Religion, Evoke Invisibility


You were on level 1 of the Depths.
You worshipped Trog.
Trog was greatly pleased with you.
You were not hungry.

You visited 9 branches of the dungeon, and saw 47 of its levels.
You also visited: Sewer.

You collected 6124 gold pieces.
You spent 757 gold pieces at shops.

Inventory:

Hand Weapons
 a - a +7 demon trident of electrocution
 E - a +5 bardiche of venom
 V - a +4 vampiric demon trident (weapon)
Missiles
 d - 7 throwing nets
 N - 15 poisoned javelins (quivered)
 T - 12 steel javelins
 X - 7 javelins of returning
Armour
 j - a +2 cloak of invisibility (worn)
 w - the +2 shield of Resistance (worn) {rF+ rC+ MR+}
   (You found it on level 7 of the Dungeon)

   It protects you from fire.
   It protects you from cold.
   It affects your resistance to hostile enchantments.
 L - a +0 pair of boots of stealth (worn)
 M - the +1 pair of gloves of the Ant (worn) {rElec}
   (You found it on level 2 of the Lair of Beasts)

   It insulates you from electricity.
 W - +12 gold dragon scales (worn)
 Z - the +0 helmet "Moydd" (worn) {rF+ Dex+5}
   (You found it on level 2 of the Vaults)

   It affects your dexterity (+5).
   It protects you from fire.
Jewellery
 s - an uncursed ring of protection from cold
 t - an amulet of guardian spirit (around neck)
 u - an uncursed ring of protection from fire
 G - the ring of Phasing (right hand) {EV+8}
   (You found it on level 6 of the Lair of Beasts)

   [ring of evasion]

   It affects your evasion (+8).
 H - a ring of see invisible (left hand)
 P - an uncursed ring of resist corrosion
Wands
 l - a wand of paralysis (13)
 p - a wand of digging (2)
 r - a wand of disintegration (24)
 z - a wand of scattershot (3)
 B - a wand of acid (11)
 F - a wand of iceblast (14)
 J - a wand of flame (96)
 U - a wand of clouds (12)
Scrolls
 b - 13 scrolls of teleportation
 m - a scroll of blinking
 o - 14 scrolls of remove curse
 x - 8 scrolls of fog
 y - 21 scrolls of identify
 O - a scroll of holy word
 R - 4 scrolls of fear
Potions
 e - 8 potions of might
 k - 7 potions of curing
 n - 2 potions of haste
 v - 11 potions of flight
 C - 2 potions of resistance
 D - 8 potions of agility
 K - a potion of ambrosia
 Q - 5 potions of mutation
 S - 2 potions of invisibility
 Y - 8 potions of lignification
Miscellaneous
 A - 4 phantom mirrors
Comestibles
 f - 65 rations


   Skills:
 * Level 24.2 Fighting
 O Level 27 Polearms
 - Level 8.0 Throwing
 + Level 18.1 Armour
 + Level 22.7 Dodging
 + Level 19.5 Shields
 - Level 6.0 Evocations


You had 26 spell levels left.
You didn't know any spells.
Your spell library contained the following spells:

 Spells                   Type           Power        Failure   Level  Hunger
 Animate Skeleton         Necr           N/A          100%        1    ##.....
 Pain                     Necr           #...         100%        1    ##.....
 Regeneration             Chrm/Necr      #.........   100%        3    ####...
 Vampiric Draining        Necr           #.........   100%        3    ####...
 Animate Dead             Necr           N/A          100%        4    #####..


Dungeon Overview and Level Annotations

Branches:
Dungeon (15/15)            Temple (1/1) D:4            Lair (6/6) D:11
  Swamp (4/4) Lair:4        Snake (4/4) Lair:3        Slime (0/5) Lair:6
    Orc (2/2) D:9             Elf (0/3) Orc:2        Vaults (5/5) D:14
  Crypt (0/3) Vaults:2     Depths (5/5) D:15            Zot (5/5) Depths:5

Altars:
Ashenzari
Cheibriados
Dithmenos
Elyvilon
Fedhas
Gozag
Hepliaklqana
Kikubaaqudgha
Makhleb
Nemelex Xobeh
Okawaru
Qazlal
Ru
Sif Muna
Trog
Uskayaw
Vehumet
Wu Jian
Xom
Yredelemnul
Zin
The Shining One
Jiyva
Lugonu

Shops:
Orc:2 *[[=(   Snake:1 (   Vaults:2 =   Vaults:3 }   Zot:3 *   Depths:2 %
Depths:5 }

Portals:
Hell: Depths:1 Depths:2 Depths:3 Depths:4 Depths:5
Abyss: Depths:4 Depths:5
Pandemonium: Depths:1 Depths:3
Ziggurat: Depths:2

Annotations:
D:12 2 transporters
D:15 3 runed translucent doors, Htamos's ghost, journeyman TrBe
Swamp:3 exclusion: 2 ice statues
Vaults:1 3 runed translucent doors, MackTheFife's ghost, veteran HOGl
Vaults:4 8 runed translucent doors, Koshrugad's ghost, adept MiGl
Depths:2 2 transporters, Mara
Zot:3 3 runed translucent doors, exclusion: obsidian statue, Rihien's ghost, legendary DsWn


Innate Abilities, Weirdness & Mutations

You revert to your normal form in water You are very nimble and swift while swimming.
You are very stealthy in the water. (Stealth+)
You are partially covered in slimy green scales. (AC +2)
You are partially covered in thin metallic scales. (AC +2)
You are dopey. (Int -2)
Your magical capacity is low. (-10% MP)
You are resistant to hostile enchantments. (MR+)
Your natural rate of healing is unusually fast.
You are resistant to electric shocks. (rElec)
Your spells are a little easier to cast, but a little less powerful.


Message History

Onulih hits you!
* * * LOW HITPOINT WARNING * * *
You writhe in agony!
* * * LOW HITPOINT WARNING * * *
Onulih hits you!!
* * * LOW HITPOINT WARNING * * *
You writhe in agony!
* * * LOW HITPOINT WARNING * * *
Unknown command.
Okay, then.
Your blink will be uncontrolled - continue anyway?
The Orb prevents control of your translocation!
You blink.
As you read the scroll of blinking, it crumbles to dust.
Your skin crawls.
You feel resistant to hostile enchantments.
You feel quite a bit more hungry. Onulih hits you!
* * * LOW HITPOINT WARNING * * *
You writhe in agony.
You die...

#.....#.....## ### #...
#............## #.###...
##..#.....#....## ##...#...
##.##.#.###.##...## ##........
##.##.⌠.###.⌠.##...####.........
##.####.###.#.####...............
#..#.#.###.#.###.#4.......##..≈≈≈
#.#.⌠.###.⌠.###.⌠&#......####.≈≈≈
#..#.###.#.###.#@#14##...##...^.≈
##.####.#.###.####......####.....
##.##.♣.###.⌠.##........##......
##.##.###.#.##.>...≈≈≈..#.....)
##..#.....#...#...≈≈≈.##......
######.^.##......#...≈≈≈...≈.....
........###..##........≈.........
........##.....(.........≈≈≈.....
######..##...............≈≈..###.


You could see Onulih and a red devil.

Vanquished Creatures
  3 orbs of fire (Zot:5)
  6 ancient liches
  A juggernaut (Depths:4)
  Mennas (Vaults:5)
  Boris (twice) (Vaults:2 Vaults:3)
  5 Killer Klowns (Zot:5)
  Bai Suzhen (D:15)
  Xtahua (Vaults:5)
  Margery (Vaults:4)
  Saint Roka (Vaults:5)
  A curse toe (Zot:4)
  3 caustic shrikes (Depths:4)
  10 golden dragons
  15 tentacled monstrosities
  3 electric golems
  2 liches
  Rupert (D:13)
  18 Orb Guardians (Zot:5)
  7 quicksilver dragons
  9 titans
  Asterion (Vaults:2)
  2 Executioners
  An acid blob (Zot:5)
  4 death cobs
  A sphinx (shapeshifter) (Vaults:3)
  A thorn hunter (Swamp:4)
  Kirke (Swamp:4)
  An ancient champion (Vaults:2)
  5 sphinxes
  A tengu reaver (Depths:4)
  Roxanne (Swamp:1)
  5 shadow dragons
  8 storm dragons
  A draconian monk (Zot:5)
  9 frost giants
  Donald (Swamp:2)
  4 fire giants
  2 deep elf sorcerers
  17 nagarajas
  Aizul (Swamp:1)
  2 balrugs
  A ghost moth (shapeshifter) (Vaults:5)
  3 iron dragons
  9 vault wardens
  3 draconian shifters
  Louise (Swamp:1)
  2 deep elf elementalists
  2 draconian scorchers (Zot:3)
  An orc warlord (Orc:2)
  3 draconian stormcallers
  A war gargoyle (Vaults:5)
  3 draconian annihilators
  4 spriggan defenders (Depths:4)
  15 ironheart preservers
  25 stone giants
  40 very ugly things
  2 vampire knights
  11 green draconians
  3 deep elf demonologists
  9 black draconians
  4 dire elephants (Lair:6)
  6 purple draconians
  7 spark wasps
  A deep elf annihilator (Vaults:2)
  7 yellow draconians
  6 white draconians
  A green death (Depths:4)
  4 red draconians
  18 ettins
  21 yaktaur captains
  A merfolk javelineer (Depths:2)
  3 deep elf high priests (Vaults:5)
  Josephine (D:14)
  4 fire dragons
  4 jiangshi
  A merfolk impaler (Depths:1)
  The ghost of Exodus22XD the Cleaver, a journeyman MiFi of Ru (Lair:2)
  11 ice dragons
  32 vault guards
  7 great orbs of eyes
  22 hydras
  5 rakshasas
  22 naga warriors
  5 anacondas
  2 shambling mangroves
  A spriggan air mage (Depths:4)
  5 ghost crabs
  9 alligators
  2 death knights
  A satyr (shapeshifter) (Depths:3)
  7 centaur warriors
  A catoblepas (Lair:6)
  39 two-headed ogres
  5 deep troll shamans
  6 deep troll earth magi
  14 ogre magi
  2 orc high priests
  13 hell knights
  7 tengu warriors
  Urug (D:11)
  A vampire mage (Depths:3)
  15 naga sharpshooters
  A titan zombie (Vaults:4)
  6 shock serpents
  6 spriggan berserkers
  Nergalle (Lair:2)
  6 deep elf knights
  A shadow wraith (Vaults:5)
  21 spriggans
  An iron troll (Depths:4)
  9 skeletal warriors
  A golden dragon zombie (Depths:4)
  2 salamander mystics
  3 sea snakes (Snake:1)
  An infernal demonspawn (Depths:1)
  8 naga ritualists
  5 deep elf archers
  15 deep trolls
  A flayed ghost (Depths:3)
  3 unseen horrors
  3 spriggan druids
  A sea snake (shapeshifter) (Vaults:3)
  7 glowing orange brains
  7 phantasmal warriors
  3 wizards
  6 wolf spiders
  10 swamp dragons
  A large abomination (Depths:5)
  25 ironbrand convokers
  6 necromancers
  A lindwurm (shapeshifter) (Vaults:5)
  15 orc knights
  2 stone giant zombies
  4 harpies
  A tengu zombie (Vaults:3)
  A manticore (shapeshifter) (Vaults:5)
  79 ugly things
  11 deep elf magi
  2 orb spiders (Zot:4)
  5 mana vipers
  9 orc sorcerers
  A shining eye (shapeshifter) (Vaults:5)
  6 cyclopes
  3 manticores
  A frost giant zombie (Vaults:5)
  9 salamanders
  20 moths of wrath
  27 black mambas
  2 sphinx skeletons
  11 elephants
  10 vault sentinels
  17 naga magi
  A smoke demon (Depths:5)
  A rust devil (Depths:1)
  2 yaktaur zombies
  2 gargoyles
  6 guardian serpents
  5 spectral swamp worms (Depths:3)
  9 spiny frogs
  A kobold demonologist (D:13)
  38 yaktaurs
  A rime drake (Lair:5)
  5 komodo dragons
  12 freezing wraiths
  7 hellwings
  6 red devils
  A queen bee (D:12)
  5 trolls
  33 slime creatures
  2 meliai (shapeshifter)
  5 tengu conjurers
  A troll (shapeshifter) (Depths:5)
  2 jumping spiders (Zot:4)
  15 bog bodies
  Grinder (D:4)
  A polar bear (shapeshifter) (Vaults:3)
  A blink frog (shapeshifter) (Vaults:2)
  30 hornets
  15 tyrant leeches
  11 dream sheep (Lair:6)
  A hippogriff (shapeshifter) (Depths:5)
  19 blink frogs
  2 ettin zombies
  10 hippogriffs
  2 shadows
  An ettin skeleton (Vaults:4)
  2 tarantellas (Zot:4)
  4 water elementals
  4 wraiths
  10 yaks
  2 hogs (shapeshifter)
  3 wyverns
  16 humans
  A golden eye (shapeshifter) (Vaults:4)
  2 chaos spawn (Depths:3)
  4 basilisks
  A hungry ghost (D:12)
  Grum (D:9)
  A human simulacrum (Vaults:3)
  A neqoxec (Depths:1)
  A swamp worm (shapeshifter) (Vaults:5)
  9 wargs
  78 nagas
  17 swamp worms
  13 insubstantial wisps
  17 vampire mosquitoes
  2 soldier ants
  4 acid dragons
  2 hell hounds (Depths:5)
  Duvessa (D:6)
  5 porcupines
  14 water moccasins
  14 swamp drakes
  2 hornet zombies
  47 orc warriors
  2 eyes of draining
  An eye of draining (shapeshifter) (Vaults:2)
  4 sky beasts
  3 black bears
  4 wolves (D:9)
  4 ice beasts
  3 phantoms
  39 ogres
  2 necrophages
  A tengu (shapeshifter) (Vaults:1)
  8 boggarts
  27 centaurs
  2 human skeletons (Vaults:3)
  12 crocodiles
  A big kobold (D:13)
  15 bullfrogs
  Dowan (D:6)
  A deep troll simulacrum (Vaults:1)
  6 scorpions
  An orc simulacrum (Vaults:1)
  14 killer bees (D:12)
  16 wights
  2 elf simulacra
  5 howler monkeys
  An electric eel (Snake:2)
  2 bullfrog zombies
  2 centaur zombies
  7 crimson imps
  10 hounds
  3 quasits
  15 orc wizards
  Crazy Yiuf (D:7)
  3 jellies
  19 orc priests
  3 centaur skeletons
  4 iguanas
  11 worker ants
  A killer bee zombie (D:7)
  4 hound skeletons
  3 hound zombies
  A worker ant zombie (D:7)
  14 adders
  3 river rats (Sewer)
  3 shadow imps
  A white imp (Depths:2)
  An adder skeleton (D:8)
  2 adder zombies (D:9)
  9 worms
  4 dart slugs
  7 leopard geckos
  86 orcs
  5 ball pythons (Sewer)
  5 giant cockroaches
  9 goblins
  2 hobgoblins
  22 jackals
  6 kobolds
  7 quokkas
  7 bats
  7 frilled lizards
  A leopard gecko skeleton (D:7)
  A leopard gecko zombie (D:5)
  A quokka skeleton (D:6)
  A quokka zombie (D:9)
  8 rats
  2 briar patches (Swamp:4)
  A bush (Lair:4)
  5 fungi
  A plant (Lair:6)
2037 creatures vanquished.

Vanquished Creatures (collateral kills)
  An ancient lich (Zot:5)
  3 caustic shrikes (Depths:4)
  A tentacled monstrosity (Zot:5)
  A quicksilver dragon (Vaults:5)
  A vault warden (Vaults:5)
  A draconian stormcaller (Zot:4)
  A draconian shifter (Zot:4)
  A very ugly thing (Vaults:5)
  A vampire knight (Depths:4)
  2 spark wasps (Depths:4)
  A yaktaur captain (Vaults:5)
  A deep troll earth mage (Depths:4)
  A phantasmal warrior (Depths:4)
  A slime creature (Depths:4)
17 creatures vanquished.

Vanquished Creatures (others)
  A draconian knight (Zot:3)
  2 ugly things (Swamp:3)
  A spiny frog (Swamp:3)
  2 slime creatures (Swamp:4)
  3 humans (Swamp:4)
  A swamp worm (Swamp:4)
  An insubstantial wisp (Swamp:4)
  An orc priest (Orc:2)
  An orc wizard (D:12)
  A briar patch (Swamp:4)
  15 fungi
  3 plants (Lair:6)
32 creatures vanquished.

Grand Total: 2086 creatures vanquished

Notes
Turn   | Place    | Note
-------+----------+-------------------------------------------
     0 | D:1      | KamiKatze the Merfolk Gladiator began the quest for the
                  | Orb.
     0 | D:1      | Reached XP level 1. HP: 16/16 MP: 1/1
    68 | D:1      | Reached skill level 5 in Polearms
    68 | D:1      | Reached XP level 2. HP: 17/23 MP: 2/2
   614 | D:1      | Reached XP level 3. HP: 27/28 MP: 3/3
  1280 | D:2      | Reached skill level 6 in Polearms
  1444 | D:2      | Reached XP level 4. HP: 30/35 MP: 4/4
  2136 | D:3      | Found a white marble altar of Elyvilon.
  2226 | D:3      | Found a burning altar of Makhleb.
  2263 | D:3      | Reached skill level 7 in Polearms
  2527 | D:3      | Reached XP level 5. HP: 41/41 MP: 5/5
  2797 | D:4      | Reached skill level 8 in Polearms
  2803 | D:3      | Reached XP level 6. HP: 37/48 MP: 3/6
  2952 | D:4      | Noticed Grinder
  3009 | D:4      | Killed Grinder
  3009 | D:4      | Reached skill level 5 in Fighting
  3009 | D:4      | Reached skill level 9 in Polearms
  3009 | D:4      | Reached XP level 7. HP: 52/56 MP: 5/7
  3096 | D:4      | Found a staircase to the Ecumenical Temple.
  3112 | Temple   | Entered the Ecumenical Temple
  3298 | Temple   | Became a worshipper of Trog the Wrathful
  3548 | D:5      | Entered Level 5 of the Dungeon
  3609 | D:5      | Found a stormy altar of Qazlal.
  3638 | D:5      | Reached skill level 10 in Polearms
  3714 | D:5      | Found a glowing drain.
  3781 | Sewer    | Entered a sewer
  4107 | Sewer    | Reached * piety under Trog
  4295 | D:5      | Reached skill level 11 in Polearms
  4295 | D:5      | Reached XP level 8. HP: 28/64 MP: 4/8
  4674 | D:5      | Reached skill level 1 in Armour
  5181 | D:6      | Noticed Duvessa
  5181 | D:6      | Noticed Dowan
  5195 | D:6      | Killed Duvessa
  5195 | D:6      | Reached skill level 5 in Dodging
  5196 | D:6      | Killed Dowan
  5341 | D:6      | Reached skill level 12 in Polearms
  5485 | D:6      | Reached XP level 9. HP: 49/71 MP: 7/9
  5576 | D:6      | Reached ** piety under Trog
  6209 | D:7      | Reached skill level 13 in Polearms
  6632 | D:7      | Noticed a troll
  6647 | D:7      | Killed a troll
  6711 | D:6      | Reached skill level 14 in Polearms
  6711 | D:6      | Reached XP level 10. HP: 16/79 MP: 2/10
  7099 | D:7      | Found a runed translucent door.
  7100 | D:7      | Noticed Crazy Yiuf
  7114 | D:7      | Killed Crazy Yiuf
  7188 | D:7      | Found the +2 shield of Resistance {rF+ rC+ MR+}
  7615 | D:8      | Found a basalt altar of Yredelemnul.
  7618 | D:8      | Found an opulent altar of Gozag.
  7931 | D:8      | Found a blossoming altar of Fedhas.
  7933 | D:8      | Found a shattered altar of Ashenzari.
  7934 | D:8      | Found a sacrificial altar of Ru.
  8415 | D:9      | Found a staircase to the Orcish Mines.
  8497 | D:9      | Reached *** piety under Trog
  8660 | D:9      | Noticed Grum
  8676 | D:9      | Reached skill level 1 in Evocations
  8683 | D:9      | Reached skill level 15 in Polearms
  8698 | D:9      | Killed Grum
  8721 | D:9      | Got steaming ice dragon scales
  9459 | D:9      | Reached XP level 11. HP: 80/86 MP: 10/12
  9461 | D:9      | Reached skill level 19 in Polearms
  9461 | D:9      | Reached XP level 12. HP: 87/93 MP: 10/13
  9470 | D:9      | Found a radiant altar of Vehumet.
  9486 | D:9      | Identified the +3 ice dragon scales of the Camelopard
                  | {*Slow rF- rC++ Dex+6} (You found it on level 9 of the
                  | Dungeon)
  9554 | D:10     | Entered Level 10 of the Dungeon
  9642 | Orc:1    | Entered Level 1 of the Orcish Mines
  9665 | Orc:1    | Noticed an orc high priest
 10514 | D:10     | Reached **** piety under Trog
 10607 | D:10     | Received a gift from Trog
 10978 | D:11     | Reached skill level 5 in Armour
 11340 | D:11     | Found a staircase to the Lair.
 11365 | D:11     | Noticed Urug
 11374 | D:11     | Killed Urug
 11872 | Lair:1   | Entered Level 1 of the Lair of Beasts
 12602 | Lair:1   | Reached skill level 10 in Dodging
 12794 | Lair:1   | Identified a scroll of acquirement
 12874 | Lair:2   | Found a transporter.
 12902 | Lair:2   | Noticed Exodus22XD's ghost (journeyman MiFi)
 12970 | Lair:2   | Found a transporter.
 13040 | Lair:2   | Noticed Nergalle
 13055 | Lair:2   | Killed Nergalle
 13546 | Lair:2   | Noticed a four-headed hydra
 13562 | Lair:2   | Killed a four-headed hydra
 13943 | Lair:3   | Noticed an eight-headed hydra
 14001 | Lair:2   | Killed an eight-headed hydra
 14001 | Lair:2   | Reached skill level 10 in Fighting
 14001 | Lair:2   | Reached XP level 13. HP: 51/102 MP: 3/14
 14500 | Lair:3   | Reached skill level 5 in Throwing
 14665 | Lair:3   | Received a gift from Trog
 14688 | Lair:3   | Found a staircase to the Snake Pit.
 15459 | Lair:4   | Reached ***** piety under Trog
 15955 | Lair:4   | Found a staircase to the Swamp.
 16160 | Lair:4   | Reached skill level 20 in Polearms
 17289 | Lair:6   | Entered Level 6 of the Lair of Beasts
 17364 | Lair:6   | Found a viscous altar of Jiyva.
 17365 | Lair:6   | Found a staircase to the Slime Pits.
 18328 | Lair:6   | Noticed a dire elephant
 18328 | Lair:6   | Noticed a dire elephant
 18329 | Lair:6   | Found the ring of Phasing {EV+8}
 18352 | Lair:6   | Killed a dire elephant
 18352 | Lair:6   | Reached XP level 14. HP: 68/112 MP: 6/16
 18363 | Lair:6   | Killed a dire elephant
 18699 | Lair:6   | Noticed a dire elephant
 18712 | Lair:6   | Killed a dire elephant
 18712 | Lair:6   | Received a gift from Trog
 18738 | Lair:6   | Noticed a dire elephant
 18756 | Lair:6   | Killed a dire elephant
 19907 | Orc:2    | Entered Level 2 of the Orcish Mines
 20101 | Orc:2    | Noticed an orc warlord
 20122 | Orc:2    | Killed an orc warlord
 20137 | Orc:2    | Found Kezalaomn's Antique Armour Emporium.
 20138 | Orc:2    | Paralysed by an orc sorcerer for 7 turns
 20319 | Orc:2    | Received a gift from Trog
 20441 | Orc:2    | Found a staircase to the Elven Halls.
 20488 | Orc:2    | Found Roxowi's Jewellery Shoppe.
 20615 | Orc:2    | Found Voqodipn's Antique Weapon Emporium.
 20715 | Orc:2    | Found Kyss's General Store.
 20873 | Orc:2    | Found Aplarghao's Antique Armour Emporium.
 20920 | Orc:2    | Bought an uncursed ring of see invisible for 225 gold
                  | pieces
 20950 | Orc:2    | Bought a pair of glowing boots for 232 gold pieces
 21126 | D:12     | Found a corrupted altar of Lugonu.
 21348 | D:12     | Found a transporter.
 21349 | D:12     | Found a transporter.
 22741 | D:13     | Received a gift from Trog
 22749 | D:13     | Reached XP level 15. HP: 112/120 MP: 15/18
 22985 | D:14     | Found a gate to the Vaults.
 22985 | D:14     | Noticed Rupert
 23015 | D:13     | Killed Rupert
 23103 | D:14     | Reached skill level 21 in Polearms
 23123 | D:14     | Received a gift from Trog
 23175 | D:14     | Noticed Josephine
 23188 | D:14     | Killed Josephine
 23188 | D:14     | Reached skill level 10 in Armour
 23732 | D:14     | Found a white marble altar of Elyvilon.
 24228 | D:15     | Entered Level 15 of the Dungeon
 24229 | D:15     | Found a runed translucent gate.
 24229 | D:15     | Found a runed translucent gate.
 24229 | D:15     | Found a runed translucent gate.
 24270 | D:15     | Found a blossoming altar of Fedhas.
 24330 | D:15     | Received a gift from Trog
 24408 | D:15     | Found a large runed translucent door.
 24518 | D:15     | Found a large runed translucent door.
 25201 | D:15     | Found a staircase to the Depths.
 25270 | D:15     | Found an ornate altar of the Wu Jian Council.
 25270 | D:15     | Noticed a fire giant
 25300 | D:15     | Killed a fire giant
 25374 | D:15     | Found a snail-covered altar of Cheibriados.
 25822 | D:15     | Found a runed translucent gate.
 25822 | D:15     | Found a runed translucent gate.
 25827 | D:15     | Found a runed translucent gate.
 25829 | D:15     | Noticed Htamos's ghost (journeyman TrBe)
 26457 | Snake:1  | Entered Level 1 of the Snake Pit
 26521 | Swamp:1  | Entered Level 1 of the Swamp
 26604 | Swamp:1  | Reached XP level 16. HP: 129/129 MP: 19/19
 26608 | Swamp:1  | Reached XP level 17. HP: 135/135 MP: 20/20
 26692 | Swamp:1  | Noticed Louise
 26711 | Swamp:1  | Killed Louise
 26946 | Swamp:1  | Received a gift from Trog
 27055 | Swamp:1  | Noticed Aizul
 27115 | Swamp:1  | Killed Aizul
 27501 | Swamp:1  | Identified Roxanne's Handbook of Clay
 27501 | Swamp:1  | Noticed Roxanne
 27552 | Swamp:1  | Killed Roxanne
 28187 | Swamp:2  | Received a gift from Trog
 28583 | Swamp:2  | Noticed Donald
 28599 | Swamp:2  | Killed Donald
 29279 | Swamp:3  | Found a frozen archway.
 29294 | Swamp:3  | Reached skill level 22 in Polearms
 29821 | Swamp:3  | Reached skill level 1 in Shields
 30324 | Swamp:4  | Entered Level 4 of the Swamp
 30338 | Swamp:4  | Received a gift from Trog
 30459 | Swamp:4  | Noticed Kirke
 30482 | Swamp:4  | Killed Kirke
 30514 | Swamp:4  | Reached skill level 5 in Shields
 30519 | Swamp:4  | Received a gift from Trog
 30958 | Swamp:4  | Reached XP level 18. HP: 144/144 MP: 21/21
 31662 | Swamp:4  | Received a gift from Trog
 32314 | Swamp:4  | Got a decaying rune of Zot
 32890 | Lair:2   | Reached skill level 10 in Shields
 32894 | Lair:2   | Killed Exodus22XD's ghost
 32929 | Lair:2   | Got a pair of faintly glowing gloves
 32935 | Lair:2   | Identified the +1 pair of gloves of the Ant {rElec} (You
                  | found it on level 2 of the Lair of Beasts)
 33420 | Snake:1  | Found Naalyckuh's Weapon Shoppe.
 36072 | Snake:4  | Entered Level 4 of the Snake Pit
 36176 | Snake:4  | Received a gift from Trog
 36522 | Snake:4  | Received a gift from Trog
 36522 | Snake:4  | Reached XP level 19. HP: 147/150 MP: 22/22
 36603 | Snake:4  | Found an opulent altar of Gozag.
 36953 | Snake:4  | Reached skill level 5 in Evocations
 37217 | Snake:4  | Reached ****** piety under Trog
 37366 | Snake:4  | Received a gift from Trog
 37373 | Snake:4  | Reached skill level 15 in Dodging
 38040 | Snake:4  | Received a gift from Trog
 38405 | Snake:4  | Received a gift from Trog
 38522 | Snake:4  | Got a serpentine rune of Zot
 39631 | Vaults:1 | Entered Level 1 of the Vaults
 40007 | Vaults:1 | Reached XP level 20. HP: 160/160 MP: 24/24
 40140 | Vaults:1 | Paralysed by a great orb of eyes for 3 turns
 40384 | Vaults:1 | Reached skill level 23 in Polearms
 40637 | Vaults:1 | Received a gift from Trog
 41290 | Vaults:1 | Found a runed translucent gate.
 41290 | Vaults:1 | Found a runed translucent gate.
 41290 | Vaults:1 | Found a runed translucent gate.
 41290 | Vaults:1 | Noticed MackTheFife's ghost (veteran HOGl)
 41489 | Vaults:1 | Reached skill level 15 in Fighting
 41704 | Vaults:1 | Received a gift from Trog
 41994 | Vaults:2 | Found Vuelan's Jewellery Emporium.
 42008 | Vaults:2 | Found a staircase to the Crypt.
 42899 | Vaults:2 | Reached skill level 15 in Shields
 42950 | Vaults:2 | Received a gift from Trog
 43236 | Vaults:2 | Reached XP level 21. HP: 161/169 MP: 25/25
 43434 | Vaults:2 | Noticed Boris
 43458 | Vaults:2 | Killed Boris
 43468 | Vaults:2 | Reached skill level 24 in Polearms
 43811 | Vaults:2 | Got an ancient helmet
 43822 | Vaults:2 | Identified the cursed +0 helmet "Moydd" {rF+ Dex+5} (You
                  | found it on level 2 of the Vaults)
 44180 | Vaults:3 | Noticed Asterion
 44208 | Vaults:2 | Killed Asterion
 44278 | Vaults:3 | Received a gift from Trog
 44648 | Vaults:3 | Noticed Boris
 44694 | Vaults:3 | Killed Boris
 44735 | Vaults:3 | Received a gift from Trog
 45099 | Vaults:3 | Found Ejawucre's Gadget Shop.
 45105 | Vaults:3 | Received a gift from Trog
 45655 | Vaults:3 | Received a gift from Trog
 45947 | Vaults:3 | Received a gift from Trog
 46272 | Vaults:3 | Reached XP level 22. HP: 163/180 MP: 22/26
 46880 | Vaults:4 | Received a gift from Trog
 47217 | Vaults:4 | Reached skill level 25 in Polearms
 47526 | Vaults:4 | Found a large runed translucent door.
 47526 | Vaults:4 | Found a large runed translucent door.
 47526 | Vaults:4 | Found a large runed translucent door.
 47526 | Vaults:4 | Found a large runed translucent door.
 47526 | Vaults:4 | Found a large runed translucent door.
 47526 | Vaults:4 | Found a large runed translucent door.
 47526 | Vaults:4 | Found a large runed translucent door.
 47526 | Vaults:4 | Found a large runed translucent door.
 47526 | Vaults:4 | Noticed Koshrugad's ghost (adept MiGl)
 47865 | Vaults:4 | Noticed Margery
 47876 | Vaults:4 | Received a gift from Trog
 47888 | Vaults:4 | Killed Margery
 48644 | Orc:2    | Bought an uncursed ring of resist corrosion for 300 gold
                  | pieces
 48823 | Depths:1 | Entered Level 1 of the Depths
 48919 | Depths:1 | Noticed Bai Suzhen
 48974 | D:15     | Killed Bai Suzhen
 49031 | Depths:1 | Found a gateway to Hell.
 49676 | Depths:1 | Found a one-way gate leading to the halls of Pandemonium.
 49891 | Depths:2 | Found Asol Egi's Food Shoppe.
 49915 | Depths:2 | Reached skill level 15 in Armour
 49946 | Depths:2 | Found a transporter.
 50053 | Depths:2 | Received a gift from Trog
 50053 | Depths:2 | Reached XP level 23. HP: 190/190 MP: 27/27
 50206 | Depths:2 | Found the +2 ratskin cloak {+Rats rPois rN+ Str-1 Int-1
                  | Dex+1}
 50206 | Depths:2 | Noticed Mara
 50226 | Depths:2 | Found a transporter.
 50346 | Depths:2 | Found a gateway to a ziggurat.
 50583 | Depths:2 | Found a white marble altar of Elyvilon.
 51264 | Depths:3 | Reached skill level 26 in Polearms
 51321 | Depths:3 | Received a gift from Trog
 52141 | Depths:4 | Found a one-way gate to the infinite horrors of the Abyss.
 52875 | Depths:4 | Received a gift from Trog
 53030 | Depths:4 | Received a gift from Trog
 53181 | Depths:4 | Noticed a caustic shrike
 53181 | Depths:4 | Noticed a caustic shrike
 53181 | Depths:4 | Noticed a caustic shrike
 53555 | Depths:4 | Reached XP level 24. HP: 199/199 MP: 27/27
 53919 | Depths:4 | Killed a caustic shrike
 53922 | Depths:4 | Killed a caustic shrike
 53926 | Depths:4 | Killed a caustic shrike
 54163 | Depths:4 | Noticed a juggernaut
 54184 | Depths:4 | Killed a juggernaut
 54543 | Depths:4 | Received a gift from Trog
 54596 | Depths:4 | Noticed a caustic shrike
 54612 | Depths:4 | Killed a caustic shrike
 54630 | Depths:4 | Noticed a caustic shrike
 54634 | Depths:4 | Noticed a caustic shrike
 54646 | Depths:4 | Killed a caustic shrike
 54649 | Depths:4 | Killed a caustic shrike
 54649 | Depths:4 | Reached skill level 27 in Polearms
 54810 | Depths:5 | Entered Level 5 of the Depths
 55307 | Depths:5 | Received a gift from Trog
 55343 | Depths:5 | Identified Sajaufis's Compendium of the Quantum Entourage
 55651 | Depths:5 | Received a gift from Trog
 56069 | Depths:5 | Found Rudeen Geme's Gadget Shoppe.
 56588 | Depths:5 | Reached XP level 25. HP: 108/210 MP: 20/27
 56765 | Depths:5 | Found a gate to the Realm of Zot.
 57354 | Vaults:5 | Entered Level 5 of the Vaults
 57356 | Vaults:5 | Noticed Xtahua
 57389 | Vaults:5 | Killed Xtahua
 57441 | Vaults:5 | Noticed Mennas
 57466 | Vaults:5 | Killed Mennas
 57466 | Vaults:5 | Received a gift from Trog
 57648 | Vaults:5 | Noticed Saint Roka
 57676 | Vaults:5 | Killed Saint Roka
 58256 | Vaults:5 | Identified the +2 war axe of the Skies Above {venom, Dex+2}
 58600 | Vaults:5 | Received a gift from Trog
 58752 | Vaults:5 | Noticed an ancient lich
 59063 | Vaults:4 | Killed an ancient lich
 59240 | Vaults:5 | Got a silver rune of Zot
 59337 | Vaults:5 | Reached XP level 26. HP: 198/222 MP: 24/27
 60292 | Zot:1    | Entered Level 1 of the Realm of Zot
 62126 | Zot:2    | Received a gift from Trog
 62199 | Zot:2    | Identified the +0 broad axe of Regicide {drain, Str+2
                  | Dex+3}
 62605 | Zot:3    | Got a heavily runed shield
 62616 | Zot:3    | Identified the +0 shield "Jyhoakh" {rPois SInv} (You
                  | acquired it on level 3 of the Realm of Zot)
 62912 | Zot:3    | Found a runed translucent gate.
 62912 | Zot:3    | Found a runed translucent gate.
 62912 | Zot:3    | Found a runed translucent gate.
 62912 | Zot:3    | Found an opulent altar of Gozag.
 62914 | Zot:3    | Found Qigom's Assorted Antiques.
 62914 | Zot:3    | Noticed Rihien's ghost (legendary DsWn)
 64362 | Zot:4    | Found a snail-covered altar of Cheibriados.
 64494 | Zot:4    | Reached XP level 27. HP: 233/233 MP: 27/27
 64718 | Zot:4    | Received a gift from Trog
 65357 | Zot:5    | Entered Level 5 of the Realm of Zot
 65892 | Zot:5    | Noticed an ancient lich
 65901 | Zot:5    | Killed an ancient lich
 65912 | Zot:5    | Noticed an orb of fire
 65924 | Zot:5    | Noticed an ancient lich
 65927 | Zot:5    | Noticed an orb of fire
 65928 | Zot:5    | Noticed an ancient lich
 65929 | Zot:5    | Gained mutation: You are clumsy. (Dex -2) [an orb of fire]
 65929 | Zot:5    | Noticed an ancient lich
 65930 | Zot:5    | Gained mutation: You are dopey. (Int -2) [an orb of fire]
 65931 | Zot:5    | Noticed an ancient lich
 65932 | Zot:5    | Noticed an ancient lich
 65936 | Zot:5    | Gained mutation: Your magical capacity is low. (-10% MP)
                  | [an orb of fire]
 65937 | Zot:5    | Lost mutation: You are dopey. (Int -2) [an orb of fire]
 66212 | Zot:5    | Gained mutation: You are very clumsy. (Dex -4) [an orb of
                  | fire]
 66229 | Zot:5    | Gained mutation: Scrolls take you a little longer to read.
                  | [an orb of fire]
 66243 | Zot:5    | Killed an orb of fire
 66258 | Zot:5    | Lost mutation: You are very clumsy. (Dex -4) [potion of
                  | mutation]
 66258 | Zot:5    | Lost mutation: Scrolls take you a little longer to read.
                  | [potion of mutation]
 66258 | Zot:5    | Lost mutation: Your magical capacity is low. (-10% MP)
                  | [potion of mutation]
 66258 | Zot:5    | Gained mutation: You are occasionally teleported next to
                  | monsters. [potion of mutation]
 66258 | Zot:5    | Gained mutation: You are partially covered in molten
                  | scales. (AC +2) [potion of mutation]
 66258 | Zot:5    | Gained mutation: Your muscles are strong. (Str +2) [potion
                  | of mutation]
 66258 | Zot:5    | Gained mutation: Your muscles are very strong. (Str +4)
                  | [potion of mutation]
 66259 | Zot:5    | Lost mutation: You are partially covered in molten scales.
                  | (AC +2) [potion of mutation]
 66259 | Zot:5    | Lost mutation: Your muscles are very strong. (Str +4)
                  | [potion of mutation]
 66259 | Zot:5    | Lost mutation: You are clumsy. (Dex -2) [potion of
                  | mutation]
 66259 | Zot:5    | Gained mutation: Your spells are a little easier to cast,
                  | but a little less powerful. [potion of mutation]
 66259 | Zot:5    | Gained mutation: Your flesh is cold resistant. (rC+)
                  | [potion of mutation]
 66260 | Zot:5    | Lost mutation: Your muscles are strong. (Str +2) [potion of
                  | mutation]
 66260 | Zot:5    | Lost mutation: You are occasionally teleported next to
                  | monsters. [potion of mutation]
 66260 | Zot:5    | Gained mutation: Your body sometimes deteriorates upon
                  | taking damage. [potion of mutation]
 66260 | Zot:5    | Gained mutation: Your magical capacity is low. (-10% MP)
                  | [potion of mutation]
 66260 | Zot:5    | Gained mutation: Your natural rate of healing is unusually
                  | fast. [potion of mutation]
 67030 | Zot:5    | Noticed an ancient lich
 67083 | Zot:5    | Killed an ancient lich
 67102 | Zot:5    | Noticed an ancient lich
 67137 | Zot:5    | Killed an ancient lich
 67154 | Zot:5    | Killed an ancient lich
 67154 | Zot:5    | Received a gift from Trog
 67174 | Zot:5    | HP: 10/237 [???[an ancient lich] (8)]
 67222 | Zot:5    | Killed an ancient lich
 67437 | Zot:5    | Noticed an orb of fire
 67463 | Zot:5    | Gained mutation: Scrolls take you a little longer to read.
                  | [an orb of fire]
 67474 | Zot:5    | Gained mutation: You are dopey. (Int -2) [an orb of fire]
 67482 | Zot:5    | Gained mutation: You occasionally shout uncontrollably at
                  | your foes. [an orb of fire]
 67494 | Zot:5    | Killed an orb of fire
 67495 | Zot:5    | Lost mutation: Your flesh is cold resistant. (rC+) [potion
                  | of mutation]
 67495 | Zot:5    | Lost mutation: Your body sometimes deteriorates upon taking
                  | damage. [potion of mutation]
 67495 | Zot:5    | Gained mutation: Your body sometimes deteriorates upon
                  | taking damage. [potion of mutation]
 67495 | Zot:5    | Gained mutation: You are agile. (Dex +2) [potion of
                  | mutation]
 67495 | Zot:5    | Gained mutation: You are partially covered in thin metallic
                  | scales. (AC +2) [potion of mutation]
 67495 | Zot:5    | Gained mutation: You are resistant to electric shocks.
                  | (rElec) [potion of mutation]
 67496 | Zot:5    | Lost mutation: Your body sometimes deteriorates upon taking
                  | damage. [potion of mutation]
 67496 | Zot:5    | Lost mutation: You occasionally shout uncontrollably at
                  | your foes. [potion of mutation]
 67496 | Zot:5    | Gained mutation: You expend magic power (3 MP) to
                  | strengthen your wands. [potion of mutation]
 67496 | Zot:5    | Gained mutation: You are partially covered in slimy green
                  | scales. (AC +2) [potion of mutation]
 67497 | Zot:5    | Lost mutation: You are agile. (Dex +2) [potion of mutation]
 67497 | Zot:5    | Lost mutation: You are dopey. (Int -2) [potion of mutation]
 67497 | Zot:5    | Lost mutation: Scrolls take you a little longer to read.
                  | [potion of mutation]
 67497 | Zot:5    | Gained mutation: You are resistant to hostile enchantments.
                  | (MR+) [potion of mutation]
 67520 | Zot:5    | Lost mutation: You expend magic power (3 MP) to strengthen
                  | your wands. [an orb of fire]
 67525 | Zot:5    | Gained mutation: You are dopey. (Int -2) [an orb of fire]
 67537 | Zot:5    | Killed an orb of fire
 67594 | Zot:5    | Killed an ancient lich
 67602 | Zot:5    | Got the Orb of Zot
 67780 | Depths:5 | Noticed Puvuah the pandemonium lord
 67862 | Depths:1 | Noticed Onulih the pandemonium lord
 67883 | Depths:1 | HP: 5/238 [Onulih the pandemonium lord (9)]
 67885 | Depths:1 | HP: 1/238 [Onulih the pandemonium lord (7)]
 67885 | Depths:1 | Slain by Onulih the pandemonium lord

Skill      XL: |  1  2  3  4  5  6  7  8  9 10 11 12 13 14 15 16 17 18 19 20 21 22 23 24 25 26 27 |
---------------+----------------------------------------------------------------------------------+-----
Polearms       | 5 6 7 8 9 11 12 14 15 19 20 21 22 23 24 25 26 27 | 27.0
Fighting       | 3 4 5 6 7 8 10 11 12 13 14 15 16 17 18 19 21 22 24 | 24.2
Armour         | 2 3 4 6 8 9 10 11 12 13 14 15 16 17 18 | 18.1
Dodging        | 5 7 9 10 11 12 14 15 16 17 18 19 20 21 22 | 22.7
Evocations     | 2 3 4 6 |  6.0
Throwing       | 4 6 7 8 |  8.0
Shields        | 7 13 14 15 16 17 18 19 | 19.5

Action                   |  1- 3 |  4- 6 |  7- 9 | 10-12 | 13-15 | 16-18 | 19-21 | 22-24 | 25-27 || total
-------------------------+-------+-------+-------+-------+-------+-------+-------+-------+-------++-------
Melee: Trident           |   162 |   179 |   526 |   536 |    25 |       |       |       |       ||  1428
       Tailslap          |       |       |     2 |       |     3 |    32 |       |     2 |       ||    39
       Glaive            |       |       |       |   365 |  1615 |   559 |       |       |       ||  2539
       Demon trident     |       |       |       |       |       |  1023 |  2093 |  2771 |  2438 ||  8325
Throw: Stone             |       |    17 |     7 |    14 |       |       |       |       |       ||    38
       Tomahawk          |       |       |     6 |     3 |    33 |       |       |       |       ||    42
       Javelin           |       |       |       |     3 |    15 |    50 |   193 |    42 |    59 ||   362
       Throwing net      |       |       |       |     1 |       |       |       |     5 |       ||     6
Invok: Berserk           |       |       |     4 |     5 |     7 |     3 |     1 |       |     1 ||    21
       Trog's Hand       |       |       |     1 |     2 |     4 |     9 |     6 |    11 |    20 ||    53
       Brothers in Arms  |       |       |       |       |       |       |       |     5 |     9 ||    14
Evoke: Wand              |       |       |       |       |       |    10 |       |       |     1 ||    11
  Use: Scroll            |       |     5 |     8 |    18 |     3 |    10 |     3 |     7 |    38 ||    92
       Potion            |       |     1 |     1 |     1 |     2 |     5 |     5 |     4 |    28 ||    47
 Stab: Sleeping          |     2 |       |       |       |       |       |       |       |       ||     2
       Distracted        |       |       |     1 |       |     1 |       |     1 |     3 |     3 ||     9
       Confused          |       |       |       |       |       |     3 |       |       |       ||     3
  Eat: Chunk             |     2 |     5 |    14 |    23 |    42 |    27 |    26 |    34 |    22 ||   195
       Ration            |       |       |       |     2 |     4 |     3 |     3 |     4 |     9 ||    25
Armor: Leather armour    |    30 |     2 |       |       |       |       |       |       |       ||    32
       Scale mail        |       |    32 |    53 |       |       |       |       |       |       ||    85
       Ring mail         |       |     5 |       |       |       |       |       |       |       ||     5
       Plate armour      |       |       |    93 |   196 |    15 |   401 |   256 |   403 |   176 ||  1540
       Ice dragon scales |       |       |       |   147 |   454 |       |       |       |       ||   601
       Gold dragon scale |       |       |       |       |       |       |       |       |   472 ||   472
Dodge: Dodged            |    95 |    64 |   122 |   333 |  1504 |  1035 |   698 |  1240 |  1237 ||  6328
Block: Shield            |       |       |       |       |       |   243 |   921 |  1422 |  1414 ||  4000
